Map: 大气2000-天梯版

Players

电脑难度(新手) - Winner!

  • Race: Terran Terran

xiaoxin

  • Race: Terran Terran
  • League: Master

VOD

Have the link to the VOD?

Description

Time

  • Played on: May 13, 2022, 9:55 a.m.
  • Length: 9:27
Show
View Real Time Build Order
Export as new Build Order

电脑难度(新手) Terran - Winner!

Build Orders:  

Get SALT Encoding   

  12  0:00  SCV  
  13  0:13  SCV  
  14  0:18  Supply Depot  
  14  0:37  Refinery  
  14  0:42  Barracks  
  14  1:02  Supply Depot  
  14  1:12  Refinery  
  14  1:28  SCV  
  14  1:29  Marine  
  16  1:40  SCV  
  17  1:52  SCV  
  18  1:59  Marine  
  19  2:04  SCV  
  20  2:16  SCV  
  21  2:28  SCV  
  21  2:29  Marine  
  23  2:41  Orbital Command  
  23  5:37  Marine, SCV  
  23  5:40  Supply Depot  
  23  5:41  Factory  
  25  6:01  SCV  
  25  6:03  Supply Depot  
  26  6:10  Barracks Tech Lab  
  26  6:13  SCV  
  24  6:25  SCV  
  24  6:26  Starport  
  24  6:29  Marauder  
  27  6:38  SCV  
  27  6:39  Command Center  
  28  7:01  Marine  
  28  7:03  Starport Tech Lab  
  29  7:21  Raven  
  31  7:34  Marine  
  32  7:52  SCV  
  33  7:59  SCV  
  33  8:00  Refinery  
  33  8:03  Refinery  
  33  8:04  Raven  
  36  8:06  SCV  
  36  8:07  Marine  
  38  8:14  SCV  
  39  8:21  SCV  
  40  8:28  SCV  
  40  8:35  SCV  
  41  8:42  SCV  
  42  8:49  SCV  
  43  8:57  SCV  
  44  9:04  SCV  
  45  9:11  SCV  
Show
View Real Time Build Order
Export as new Build Order

xiaoxin Terran 

Build Orders: Mech 

Get SALT Encoding   

  12  0:00  SCV  
  13  0:12  SCV  
  14  0:16  Supply Depot  
  14  0:24  SCV  
  15  0:38  SCV  
  15  0:40  Barracks  
  16  0:43  Refinery  
  16  0:50  SCV  
  16  0:53  Refinery  
  17  1:02  SCV  
  18  1:14  SCV  
  19  1:27  Orbital Command  
  19  1:28  Supply Depot, Reaper  
  20  1:41  Factory  
  20  1:53  SCV  
  21  2:00  Barracks Reactor  
  21  2:05  SCV  
  22  2:17  SCV  
  22  2:20  Command Center  
  23  2:26  Hellion  
  25  2:30  Supply Depot  
  25  2:33  SCV  
  27  2:37  Reaper  
  27  2:38  Reaper  
  28  2:45  SCV  
  28  2:47  Hellion  
  31  2:56  Starport  
  31  2:57  SCV  
  32  3:09  Factory Tech Lab, SCV  
  32  3:12  Marine x2  
  35  3:17  Refinery  
  35  3:21  SCV  
  36  3:28  Cyclone  
  36  3:32  Marine x2  
  41  3:35  Orbital Command  
  41  3:38  Starport Tech Lab  
  41  3:43  SCV  
  41  3:46  Supply Depot  
  42  3:49  Marine x2  
  44  3:56  SCV  
  44  3:57  Raven  
  44  4:01  SCV  
  48  4:07  Siege Tank  
  48  4:09  SCV  
  52  4:13  Supply Depot  
  52  4:15  SCV  
  53  4:18  Marine  
  53  4:19  Marine  
  53  4:21  SCV  
  56  4:27  SCV  
  57  4:36  Supply Depot, Marine x2, SCV  
  60  4:39  SCV  
  60  4:41  Raven  
  60  4:43  Siege Tank  
  66  4:48  SCV  
  66  4:51  SCV  
  68  5:00  Command Center, SCV  
  68  5:05  SCV  
  68  5:06  Marine x2  
  72  5:08  Supply Depot  
  72  5:13  Refinery, SCV  
  73  5:18  Siege Tank, SCV  
  77  5:29  SCV  
  77  5:34  Viking x2  
  82  5:36  Factory  
  82  5:37  SCV  
  82  5:41  Supply Depot  
  83  5:44  SCV  
  83  5:45  Factory  
  83  5:48  Barracks Reactor  
  85  5:50  SCV  
  85  5:56  SCV  
  86  6:03  Siege Tank, SCV  
  90  6:05  Supply Depot x2  
  90  6:08  SCV  
  90  6:10  Viking  
  93  6:12  Viking  
  93  6:15  Orbital Command  
  93  6:17  SCV  
  96  6:22  SCV  
  97  6:26  Siege Tank  
  97  6:30  Supply Depot  
  97  6:31  SCV  
  101  6:37  SCV, Factory  
  102  6:42  Hellion x2  
  102  6:43  SCV  
  102  6:46  Viking, Refinery x2  
  109  6:48  Viking  
  109  6:49  SCV  
  109  6:53  SCV  
  113  6:57  Factory  
  113  7:00  SCV  
  113  7:01  Barracks Reactor  
  114  7:02  SCV  
  114  7:04  Supply Depot  
  114  7:08  Hellion x2  
  119  7:09  Supply Depot, SCV  
  119  7:13  SCV  
  121  7:15  Siege Tank  
  121  7:18  SCV  
  121  7:19  Viking  
  121  7:21  SCV  
  121  7:22  Viking  
  130  7:25  SCV  
  131  7:30  Supply Depot, SCV  
  131  7:32  Hellion x2  
  131  7:34  SCV  
  137  7:37  SCV  
  137  7:42  Factory Tech Lab, SCV  
  137  7:43  Armory  
  139  7:44  Infernal Pre-Igniter  
  139  7:46  SCV  
  139  7:49  Viking  
  139  7:50  Hellion x2  
  146  7:52  Viking  
  146  7:53  Siege Tank  
  146  7:54  SCV  
  146  7:56  SCV  
  153  8:01  SCV  
  153  8:02  Supply Depot  
  153  8:04  Supply Depot  
  154  8:07  Hellion  
  156  8:15  SCV  
  156  8:17  Siege Tank x2, SCV x2  
  165  8:20  Hellion  
  165  8:22  Supply Depot  
  165  8:25  Command Center  
  167  8:27  Viking  
  167  8:28  Viking  
  175  8:34  Hellion x2  
  175  8:37  Hellion  
  175  8:39  Armory  
  177  8:43  SCV x2  
  177  8:44  Engineering Bay  
  177  8:47  Siege Tank  
  182  8:48  SCV  
  182  8:54  Siege Tank  
  182  8:55  Hellion, SCV  
  191  9:05  SCV  
  191  9:07  Supply Depot  
  196  9:11  SCV  
  196  9:15  Supply Depot  
  197  9:20  Sensor Tower  
Tags
 
Composition
Mech
League
Master
Matchup
TvT
Race
Terran
Add a new tag
Caveats
  • Supply blocks, unpowered buildings, or Contaminate may cause inaccurate times.
  • Supply counts are checked every 10 seconds.